 Dungeon Crawl Stone Soup version 0.21.0-3-g78d12a8 (webtiles) character file.

62 IksarHS the Charlatan (level 4, 13/30 HPs)
             Began as a Human Artificer on Jan 14, 2018.
             Quit the game on level 2 of the Dungeon.
             The game lasted 00:04:42 (1818 turns).

IksarHS the Charlatan (Human Artificer)             Turns: 1818, Time: 00:04:43

Health: 13/30      AC:  7    Str: 12 (14) XL:     4   Next: 28%
Magic:  7/7        EV:  9    Int:  8 (11) God:
Gold:   147        SH:  0    Dex: 11 (13) Spells: 3/3 levels left

rFire    . . .     SeeInvis .   a - +0 short sword
rCold    . . .     Gourm    .   (no shield)
rNeg     . . .     Faith    .   i - +1 scale mail
rPois    .         Spirit   .   (no helmet)
rElec    .         Reflect  .   (no cloak)
rCorr    .         Harm     .   (no gloves)
MR       .....     Clarity  +   (no boots)
Stlth    ..........             (no amulet)
HPRegen  0.10/turn              (no ring)
MPRegen  0.10/turn              (no ring)

@: no status effects
A: clarity, frail 1, wild magic 2
a: no special abilities


You were on level 2 of the Dungeon.
You were not hungry.

You visited 1 branch of the dungeon, and saw 2 of its levels.

You collected 147 gold pieces.

Inventory:

Hand Weapons
 a - a +0 short sword (weapon)
Armour
 b - a +0 leather armour
 i - a +1 scale mail (worn)
Wands
 c - a wand of flame (15)
 d - a wand of enslavement (15)
 e - a wand of random effects (15)
Scrolls
 h - a scroll of identify {unknown}
 l - a scroll of remove curse
 n - 4 scrolls of magic mapping {unknown}
Comestibles
 f - 7 rations
 g - 2 chunks of flesh


   Skills:
 + Level 2.7 Fighting
 - Level 1.0 Short Blades
 - Level 2.0 Dodging
 - Level 1.0 Stealth
 + Level 4.0 Evocations


You had 3 spell levels left.
You didn't know any spells.

Dungeon Overview and Level Annotations

Branches:
Dungeon (2/15)

Altars:
Fedhas


Innate Abilities, Weirdness & Mutations

You possess an exceptional clarity of mind.
You are frail. (-10% HP)
Your spells are harder to cast, but more powerful.


Message History

The worm is lightly wounded.
The worm bites you.
You barely miss the worm.
The worm is lightly wounded.
You feel a little less clever now. The worm bites you.
You hit the worm but do no damage. You hit the worm but do no damage.
The worm bites you.
You hit the worm.
The worm is lightly wounded.
The worm closely misses you.
You hit the worm but do no damage.
The worm is lightly wounded.
You hit the worm.
The worm is moderately wounded.
The worm bites you!
You are too injured to fight recklessly!
You are too injured to fight recklessly!
You are too injured to fight recklessly!
Are you sure you want to abandon this character and quit the game? (Confirm with "yes".)

.# #.........# #.... .#
##........# ##### .#
#........# #. .#
##+##+##.# #. .#
########+##..#.# #. .#
#..........#.#.# #. .#
#.....(....#...### #.
.# #..........+....<#
#. #####
#....w@....##..#######.
....+
#..........+..>........
#####
#..........###########.
.... #..........# #.
###. #..........# ##
#..........#
#.########## #.


You could see a worm.

Vanquished Creatures
  3 adders (D:2)
  A worm (D:2)
  2 dart slugs (D:2)
  A leopard gecko (D:2)
  4 bats (D:1)
  4 giant cockroaches
  3 hobgoblins
  A ball python (D:2)
  3 frilled lizards
  5 kobolds
  A rat (D:2)
28 creatures vanquished.

Notes
Turn   | Place    | Note
-------+----------+-------------------------------------------
     0 | D:1      | IksarHS the Human Artificer began the quest for the Orb.
     0 | D:1      | Reached XP level 1. HP: 15/15 MP: 3/3
   161 | D:1      | Reached XP level 2. HP: 14/21 MP: 4/4
  1051 | D:2      | Reached XP level 3. HP: 24/27 MP: 5/5
  1618 | D:2      | Found a blossoming altar of Fedhas.
  1734 | D:2      | Reached XP level 4. HP: 25/34 MP: 6/6
  1746 | D:2      | Gained mutation: You are frail. (-10% HP) [potion of mutation]
  1746 | D:2      | Gained mutation: Your spells are a little harder to cast, but a little more powerful. [potion of mutation]
  1746 | D:2      | Gained mutation: Your spells are harder to cast, but more powerful. [potion of mutation]
  1746 | D:2      | Gained mutation: You possess an exceptional clarity of mind. [potion of mutation]
  1755 | D:2      | Reached skill level 4 in Evocations
  1818 | D:2      | Quit the game

Skill      XL: |  1  2  3  4 |
---------------+-------------+-----
Fighting       | 2 |  2.7
Evocations     | 4 |  4.0
Short Blades   | |  1.0
Dodging        | |  2.0
Stealth        | |  1.0

Action                   |  1- 3 |  4- 6 || total
-------------------------+-------+-------++-------
Melee: Short sword       |   120 |    20 ||   140
  Use: Scroll            |     2 |       ||     2
       Potion            |       |     6 ||     6
 Stab: Sleeping          |     1 |       ||     1
  Eat: Chunk             |     3 |       ||     3
Armor: Leather armour    |    17 |       ||    17
       Scale mail        |    47 |     1 ||    48
Dodge: Dodged            |    60 |     4 ||    64
